HSSL
TEMISKAMING DISTRICT SECONDARY SCHOOL SAINTS @ BISHOP VEROT HS
04/20/2023
 
TOP OF THE 1ST
Temiskaming District Secondary School Saints batting - Pitching for Bishop Verot HS : RHP Pablo Suárez
Pitching: RHP Pablo Suárez
Batting: RHB Bill Ward 0-0: Ball
1-0: SINGLE (Groundball, 56) (infield hit)
Batting: RHB Albert Abbott 0-0: SINGLE (Line Drive, 56D)
Bill Ward to second
Batting: LHB Ron Crawford 0-0: Hit by Pitch
Bill Ward to third
Albert Abbott to second
Batting: RHB Phil Wright 0-0: Ball
1-0: Ball
2-0: SINGLE (Flyball, 7LS)
Bill Ward scores
Albert Abbott to third
Ron Crawford to second
Batting: RHB Orlando González 0-0: Called Strike
0-1: Ball
1-1: SINGLE (Flyball, 9M)
Albert Abbott scores
Ron Crawford to third
Phil Wright to second
Throwing error, E9
Ron Crawford scores
Phil Wright to third
Orlando González to second
Batting: RHB Glen French 0-0: Ball
1-0: Foul Ball, location: 2F
1-1: Fly out, F7 (Flyball, 78M)
Runner from 3rd tags up, SCORES, no throw
Batting: LHB Mike O'Bryan 0-0: Ball
1-0: Ground out 4-3 (Groundball, 4)
Orlando González to third
Batting: RHB Víctor Pérez 0-0: Ball
1-0: Foul Ball, location: 2F
1-1: Swinging Strike
1-2: Ball
2-2: Foul Ball, location: 2F
2-2: Fly out, F9 (Flyball, 9M)
Top of the 1st over - 4 run(s), 4 hit(s), 1 error(s), 1 left on base; Temiskaming District Secondary School 4 - Bishop Verot HS 0
BOTTOM OF THE 1ST
Bishop Verot HS batting - Pitching for Temiskaming District Secondary School Saints : RHP Claude Cunningham
Pitching: RHP Claude Cunningham
Batting: RHB Vincent Hancock 0-0: Ball
1-0: Ball
2-0: SINGLE (Flyball, 8RS)
Batting: RHB Luis Morales 0-0: Ball
1-0: Ball
2-0: Called Strike
2-1: Swinging Strike
2-2: Ball
3-2: Fly out, F8 (Line Drive, 8RM)
Batting: RHB Michael Hall 0-0: Called Strike
Vincent Hancock steals 2nd base
0-1: Ball
1-1: Swinging Strike
1-2: Fly out, F9 (Flyball, 9M)
Batting: RHB Nick Vogel 0-0: Ball
1-0: SINGLE (Groundball, 4)
Vincent Hancock to third
Runner from 3rd tries for Home, SAFE, no throw or cutoff
Batting: LHB Rafael Yan 0-0: Ball
Single, Error in OF, E7, batter to second base
Nick Vogel to third
Batting: RHB Terry Perkins 0-0: Ball
1-0: Ball
2-0: Ball
3-0: Base on Balls
Batting: RHB Peter Bishop 0-0: SINGLE (Groundball, 6MD) (infield hit)
Nick Vogel scores
Rafael Yan to third
Terry Perkins to second
Batting: LHB Sandro Márquez 0-0: Called Strike
0-1: Ball
1-1: Fly out, F4 (Popup, 4MD)
Bottom of the 1st over - 2 run(s), 4 hit(s), 1 error(s), 3 left on base; Temiskaming District Secondary School 4 - Bishop Verot HS 2
TOP OF THE 2ND
Temiskaming District Secondary School Saints batting - Pitching for Bishop Verot HS : RHP Pablo Suárez
Batting: LHB Steve Herman 0-0: Ground out 4-3 (Groundball, 4M)
Batting: RHB Bill Ward 0-0: Ball
1-0: Swinging Strike
1-1: Swinging Strike
1-2: Ball
2-2: Strikes out looking
Batting: RHB Albert Abbott 0-0: Ball
1-0: Foul Ball, location: 2F
1-1: Ball
2-1: DOUBLE (Flyball, 89M)
Batting: LHB Ron Crawford 0-0: Called Strike
0-1: Ball
Wild Pitch!
Albert Abbott to third
1-1: Called Strike
1-2: Ball
2-2: Strikes out swinging
Top of the 2nd over - 0 run(s), 1 hit(s), 0 error(s), 1 left on base; Temiskaming District Secondary School 4 - Bishop Verot HS 2
BOTTOM OF THE 2ND
Bishop Verot HS batting - Pitching for Temiskaming District Secondary School Saints : RHP Claude Cunningham
Batting: RHB Reynaldo Gómez 0-0: Swinging Strike
0-1: Called Strike
0-2: Strikes out looking
Batting: RHB Vincent Hancock 0-0: Swinging Strike
0-1: Swinging Strike
0-2: Ball
1-2: Ball
2-2: Ball
3-2: Strikes out swinging
Batting: RHB Luis Morales 0-0: Ball
1-0: Called Strike
1-1: Ball
2-1: Ball
3-1: Base on Balls
Batting: RHB Michael Hall 0-0: Foul Ball, location: 2F
0-1: Ground out 1-3 (Groundball, 23)
Bottom of the 2nd over - 0 run(s), 0 hit(s), 0 error(s), 1 left on base; Temiskaming District Secondary School 4 - Bishop Verot HS 2
TOP OF THE 3RD
Temiskaming District Secondary School Saints batting - Pitching for Bishop Verot HS : RHP Pablo Suárez
Batting: RHB Phil Wright 0-0: Ball
1-0: Called Strike
1-1: Reached on error, E6 (Groundball, 6M)
Batting: RHB Orlando González 0-0: Swinging Strike
0-1: Ball
1-1: Foul Ball, location: 2F
1-2: Ball
2-2: SINGLE (Line Drive, 8LS)
Phil Wright to second
Batting: RHB Glen French 0-0: Reached on error, E6 (Groundball, 6)
Phil Wright to third
Orlando González to second
Batting: LHB Mike O'Bryan 0-0: Called Strike
0-1: Ball
1-1: Fly out, F8 (Line Drive, 8LM)
Runner from 3rd tags up, SCORES, no throw
Batting: RHB Víctor Pérez 0-0: Foul Ball, location: 2F
0-1: Swinging Strike
0-2: Foul Ball, location: 2F
0-2: Foul Ball, location: 2F
0-2: Ball
1-2: Strikes out looking
Batting: LHB Steve Herman 0-0: Called Strike
0-1: Ground out U3 (Groundball, 3S)
Top of the 3rd over - 1 run(s), 1 hit(s), 2 error(s), 2 left on base; Temiskaming District Secondary School 5 - Bishop Verot HS 2
BOTTOM OF THE 3RD
Bishop Verot HS batting - Pitching for Temiskaming District Secondary School Saints : RHP Claude Cunningham
Batting: RHB Nick Vogel 0-0: Ball
1-0: Ground out 4-3 (Groundball, 4)
Batting: LHB Rafael Yan 0-0: Foul Ball, location: 2F
0-1: Fly out, F7 (Flyball, 78S)
Batting: RHB Terry Perkins 0-0: Ball
1-0: SINGLE (Line Drive, 6)
Batting: RHB Peter Bishop 0-0: Ball
1-0: Foul Ball, location: 2F
1-1: Fly out, F3 (Line Drive, 3)
Bottom of the 3rd over - 0 run(s), 1 hit(s), 0 error(s), 1 left on base; Temiskaming District Secondary School 5 - Bishop Verot HS 2
TOP OF THE 4TH
Temiskaming District Secondary School Saints batting - Pitching for Bishop Verot HS : RHP Pablo Suárez
Batting: RHB Bill Ward 0-0: Called Strike
0-1: Swinging Strike
0-2: Ball
1-2: Strikes out swinging
Batting: RHB Albert Abbott 0-0: Called Strike
0-1: Ball
1-1: Foul Ball, location: 2F
1-2: Strikes out swinging
Batting: LHB Ron Crawford 0-0: Called Strike
0-1: Ball
1-1: Foul Ball, location: 2F
1-2: Ball
2-2: Foul Ball, location: 2F
2-2: Ball
3-2: Strikes out swinging
Top of the 4th over - 0 run(s), 0 hit(s), 0 error(s), 0 left on base; Temiskaming District Secondary School 5 - Bishop Verot HS 2
BOTTOM OF THE 4TH
Bishop Verot HS batting - Pitching for Temiskaming District Secondary School Saints : RHP Claude Cunningham
Batting: LHB Sandro Márquez 0-0: Swinging Strike
0-1: Ground out 3-1 (Groundball, 34)
Batting: RHB Reynaldo Gómez 0-0: Ball
1-0: Swinging Strike
1-1: Ball
2-1: Foul Ball, location: 2F
2-2: Foul Ball, location: 2F
2-2: Strikes out looking
Batting: RHB Vincent Hancock 0-0: Ball
1-0: Ball
2-0: Ball
3-0: Base on Balls
Batting: RHB Luis Morales 0-0: Ball
1-0: Swinging Strike
1-1: Foul Ball, location: 2F
1-2: Strikes out swinging
Bottom of the 4th over - 0 run(s), 0 hit(s), 0 error(s), 1 left on base; Temiskaming District Secondary School 5 - Bishop Verot HS 2
TOP OF THE 5TH
Temiskaming District Secondary School Saints batting - Pitching for Bishop Verot HS : RHP Pablo Suárez
Batting: RHB Phil Wright 0-0: Ball
1-0: Ball
2-0: Ball
3-0: Called Strike
3-1: Fly out, F3 (Popup, 3SF)
Batting: RHB Orlando González 0-0: Ground out 5-3 (Groundball, 5)
Batting: RHB Glen French 0-0: Fly out, F9 (Flyball, 9M)
Top of the 5th over - 0 run(s), 0 hit(s), 0 error(s), 0 left on base; Temiskaming District Secondary School 5 - Bishop Verot HS 2
BOTTOM OF THE 5TH
Bishop Verot HS batting - Pitching for Temiskaming District Secondary School Saints : RHP Claude Cunningham
Batting: RHB Michael Hall 0-0: Ball
1-0: Ball
2-0: Foul Ball, location: 2F
2-1: Ground out 5-3 (Groundball, 56S)
Batting: RHB Nick Vogel 0-0: Ball
1-0: Ball
2-0: SOLO HOME RUN (Flyball, 78XD), Distance : 417 ft
Batting: LHB Rafael Yan 0-0: Swinging Strike
0-1: Swinging Strike
0-2: Ball
1-2: Fly out, F6 (Popup, 4MS)
Batting: RHB Terry Perkins 0-0: Ball
1-0: Swinging Strike
1-1: Called Strike
1-2: Strikes out swinging
Bottom of the 5th over - 1 run(s), 1 hit(s), 0 error(s), 0 left on base; Temiskaming District Secondary School 5 - Bishop Verot HS 3
TOP OF THE 6TH
Temiskaming District Secondary School Saints batting - Pitching for Bishop Verot HS : RHP Pablo Suárez
Batting: LHB Mike O'Bryan 0-0: Ball
1-0: SINGLE (Groundball, 6M)
Pitching: RHP Claudio García
Batting: RHB Víctor Pérez 0-0: Called Strike
0-1: Fly out, F4 (Popup, 4MS)
Batting: LHB Steve Herman 0-0: Ball
1-0: Ball
2-0: Called Strike
2-1: Ball
3-1: Base on Balls
Mike O'Bryan to second
Batting: RHB Bill Ward 0-0: Ball
1-0: Ball
2-0: Ball
3-0: Base on Balls
Mike O'Bryan to third
Steve Herman to second
Batting: RHB Albert Abbott 0-0: Grounds into double play, U6-3 (Groundball, 6M)
Top of the 6th over - 0 run(s), 1 hit(s), 0 error(s), 2 left on base; Temiskaming District Secondary School 5 - Bishop Verot HS 3
BOTTOM OF THE 6TH
Bishop Verot HS batting - Pitching for Temiskaming District Secondary School Saints : RHP Claude Cunningham
Pitching: RHP Artie Hall
Batting: RHB Peter Bishop 0-0: Ball
1-0: Ground out 5-3 (Groundball, 5)
Batting: LHB Sandro Márquez 0-0: Called Strike
0-1: Fly out, F7 (Flyball, 7LMF)
Batting: RHB Reynaldo Gómez 0-0: Called Strike
0-1: Ball
1-1: Ground out 6-3 (Groundball, 6)
Bottom of the 6th over - 0 run(s), 0 hit(s), 0 error(s), 0 left on base; Temiskaming District Secondary School 5 - Bishop Verot HS 3
TOP OF THE 7TH
Temiskaming District Secondary School Saints batting - Pitching for Bishop Verot HS : RHP Claudio García
Batting: LHB Ron Crawford 0-0: Ball
1-0: Ball
2-0: Swinging Strike
2-1: TRIPLE (Line Drive, 3L)
Batting: RHB Phil Wright 0-0: Called Strike
0-1: Reached on error, E6 (Groundball, 6M)
Ron Crawford scores
Batting: RHB Orlando González 0-0: Ball
1-0: Fly out, F8 (Flyball, 8RXD)
Runner from 1st tags up, SAFE at 2nd
Batting: RHB Glen French 0-0: Fly out, F8 (Flyball, 8RM)
Batting: LHB Mike O'Bryan 0-0: Fly out, F8 (Flyball, 8LM)
Top of the 7th over - 1 run(s), 1 hit(s), 1 error(s), 1 left on base; Temiskaming District Secondary School 6 - Bishop Verot HS 3
BOTTOM OF THE 7TH
Bishop Verot HS batting - Pitching for Temiskaming District Secondary School Saints : RHP Artie Hall
Batting: RHB Vincent Hancock 0-0: Called Strike
0-1: Ball
1-1: Called Strike
1-2: Foul Ball, location: 2F
1-2: Ball
2-2: Ball
3-2: Strikes out swinging
Batting: RHB Luis Morales 0-0: Ball
1-0: Ball
2-0: SINGLE (Groundball, 6D) (infield hit)
Batting: RHB Michael Hall 0-0: Ball
1-0: Ball
2-0: Ball
3-0: Called Strike
3-1: Swinging Strike
3-2: Strikes out swinging
Batting: RHB Nick Vogel 0-0: Ball
1-0: Foul Ball, location: 2F
1-1: Ball
2-1: Ground out 5-3 (Groundball, 5L)
Bottom of the 7th over - 0 run(s), 1 hit(s), 0 error(s), 1 left on base; Temiskaming District Secondary School 6 - Bishop Verot HS 3
TOP OF THE 8TH
Temiskaming District Secondary School Saints batting - Pitching for Bishop Verot HS : RHP Claudio García
Pitching: RHP Jim Henson
Batting: RHB Víctor Pérez 0-0: Swinging Strike
0-1: Swinging Strike
0-2: Ball
1-2: Foul Ball, location: 2F
1-2: Strikes out looking
Batting: LHB Steve Herman 0-0: Ball
1-0: Ball
2-0: Ball
3-0: Base on Balls
Batting: RHB Bill Ward 0-0: Ball
1-0: Ball
2-0: Foul Ball, location: 2F
2-1: Ball
3-1: Base on Balls
Steve Herman to second
Batting: RHB Albert Abbott 0-0: Ball
1-0: Foul Ball, location: 2F
1-1: Ball
2-1: DOUBLE (Line Drive, 8RS)
Steve Herman scores
Bill Ward to third
Batting: LHB Ron Crawford 0-0: Called Strike
0-1: Ball
1-1: Ball
2-1: Foul Ball, location: 2F
2-2: Ball
3-2: TRIPLE (Flyball, 8RM)
Bill Ward scores
Albert Abbott scores
Pitching: RHP John Harris
Batting: RHB Phil Wright 0-0: SINGLE (Line Drive, 6D)
Ron Crawford scores
Batting: RHB Orlando González 0-0: Ball
1-0: Foul Ball, location: 2F
1-1: Ball
2-1: Ball
3-1: Base on Balls
Phil Wright to second
Batting: RHB Glen French 0-0: Ball
1-0: Fly out, F4 (Popup, 4M)
Batting: LHB Mike O'Bryan 0-0: Ball
1-0: Foul Ball, location: 2F
1-1: Called Strike
1-2: Foul Ball, location: 2F
1-2: Strikes out swinging
Top of the 8th over - 4 run(s), 3 hit(s), 0 error(s), 2 left on base; Temiskaming District Secondary School 10 - Bishop Verot HS 3
BOTTOM OF THE 8TH
Bishop Verot HS batting - Pitching for Temiskaming District Secondary School Saints : RHP Artie Hall
Pitching: RHP Joseph Ryan
Now in CF: Jason Wheeler
Batting: LHB Rafael Yan 0-0: Ball
1-0: Ball
2-0: Ball
3-0: Called Strike
3-1: Base on Balls
Batting: RHB Terry Perkins 0-0: Ball
1-0: Foul Ball, location: 2F
1-1: Foul Ball, location: 2F
1-2: Foul Ball, location: 2F
1-2: Foul Ball, location: 2F
1-2: Ball
2-2: Foul Ball, location: 2F
2-2: Fly out, F8 (Flyball, 8RM)
Batting: RHB Peter Bishop 0-0: Fly out, F8 (Flyball, 8LM)
Batting: LHB Sandro Márquez 0-0: Called Strike
0-1: Swinging Strike
0-2: Strikes out swinging
Bottom of the 8th over - 0 run(s), 0 hit(s), 0 error(s), 1 left on base; Temiskaming District Secondary School 10 - Bishop Verot HS 3
TOP OF THE 9TH
Temiskaming District Secondary School Saints batting - Pitching for Bishop Verot HS : RHP John Harris
Batting: RHB Víctor Pérez 0-0: Ball
1-0: Foul Ball, location: 2F
1-1: SINGLE (Groundball, 5D)
Batting: LHB Steve Herman 0-0: Called Strike
0-1: Ball
1-1: Fly out, F8 (Flyball, 8RM)
Batting: RHB Bill Ward 0-0: Ball
1-0: Ball
2-0: Foul Ball, location: 2F
2-1: Ball
3-1: Base on Balls
Víctor Pérez to second
Batting: RHB Albert Abbott 0-0: Swinging Strike
0-1: Fly out, F4 (Popup, 4M)
Batting: LHB Ron Crawford 0-0: Called Strike
0-1: 3-RUN HOME RUN (Flyball, 9D), Distance : 361 ft
Batting: RHB Phil Wright 0-0: Ball
1-0: Called Strike
1-1: Ball
2-1: Ball
3-1: Fly out, F3 (Popup, 3SF)
Top of the 9th over - 3 run(s), 2 hit(s), 0 error(s), 0 left on base; Temiskaming District Secondary School 13 - Bishop Verot HS 3
BOTTOM OF THE 9TH
Bishop Verot HS batting - Pitching for Temiskaming District Secondary School Saints : RHP Joseph Ryan
Batting: RHB Reynaldo Gómez 0-0: Called Strike
0-1: Foul Ball, location: 2F
0-2: Strikes out swinging
Batting: RHB Vincent Hancock 0-0: Called Strike
0-1: SINGLE (Line Drive, 8RS)
Batting: RHB Luis Morales 0-0: Called Strike
0-1: Called Strike
0-2: Ball
1-2: Hit by Pitch
Vincent Hancock to second
Batting: RHB Michael Hall 0-0: Called Strike
0-1: Called Strike
0-2: SINGLE (Groundball, 34D)
Vincent Hancock to third
Luis Morales to second
Runner from 3rd tries for Home, SAFE, no throw or cutoff
Batting: RHB Nick Vogel 0-0: Ball
1-0: Ball
2-0: Ball
3-0: Called Strike
3-1: Base on Balls
Luis Morales to third
Michael Hall to second
Batting: LHB Rafael Yan 0-0: Ball
1-0: SINGLE (Flyball, 89S)
Luis Morales scores
Michael Hall to third
Nick Vogel to second
Batting: RHB Terry Perkins 0-0: Called Strike
0-1: SINGLE (Line Drive, 7LS)
Michael Hall scores
Nick Vogel to third
Rafael Yan to second
Runner from 3rd tries for Home, SAFE, throw made home
Batting: RHB Peter Bishop 0-0: 3-RUN HOME RUN (Flyball, 7D), Distance : 390 ft
Pitching: RHP Mathieu Bourbeau
Batting: LHB Sandro Márquez 0-0: Swinging Strike
0-1: Swinging Strike
0-2: Ball
1-2: Ball
2-2: Foul Ball, location: 2F
2-2: Strikes out looking
Batting: RHB Reynaldo Gómez 0-0: Ball
1-0: SINGLE (Line Drive, 6D)
Batting: RHB Vincent Hancock 0-0: Ball
1-0: Ball
2-0: Ball
3-0: Base on Balls
Reynaldo Gómez to second
Batting: RHB Luis Morales 0-0: Ball
1-0: Ball
2-0: Called Strike
2-1: Fly out, F8 (Flyball, 8RM)
Bottom of the 9th over - 7 run(s), 6 hit(s), 0 error(s), 2 left on base; Temiskaming District Secondary School 13 - Bishop Verot HS 10
This league is powered by Out of the Park Baseball, the baseball management simulation game for PC, Mac and Linux
Wednesday, December 2nd, 2015 - OOTP Baseball 16.8 Build 38